 Dungeon Crawl Stone Soup version 0.29-a0-22-gbf593b16ee (webtiles) character file.

Game seed: 17066032362175696472

16750 Ajdolov the Severer (level 12, -4/115 HPs)
             Began as a Hill Orc Fighter on Jan 29, 2022.
             Was a Follower of Makhleb.
             Slain by an eight-headed hydra (10 damage)
             ... on level 2 of the Lair of Beasts.
             The game lasted 00:27:12 (16719 turns).

Ajdolov the Severer (Hill Orc Fighter)             Turns: 16719, Time: 00:27:13

Health: -4/115     AC: 19    Str: 30    XL:     12   Next: 40%
Magic:  19/19      EV:  7    Int: 11    God:    Makhleb [*.....]
Gold:   762        SH:  5    Dex: 16    Spells: 11/11 levels left

rFire   . . .      SeeInvis .   a - +0 war axe
rCold   + + .      Faith    .   c - +0 buckler
rNeg    . . .      Spirit   .   B - +1 plate armour of Caawets {rC++ Int+3 Stlth+}
rPois   .          Reflect  .   M - +0 helmet
rElec   .          Harm     .   (no cloak)
rCorr   .          Rampage  .   I - +0 pair of gloves
Will    .....                   t - +0 pair of boots
Stlth   ..........              (no amulet)
HPRegen 0.29/turn               K - +6 ring of strength
MPRegen 0.16/turn               E - +6 ring of dexterity

@: no status effects
A: no striking features
a: Renounce Religion


You were on level 2 of the Lair of Beasts.
You worshipped Makhleb.
Makhleb was aware of your devotion.
You visited 3 branches of the dungeon, and saw 14 of its levels.

You collected 762 gold pieces.

Inventory:

Hand Weapons
 a - a +0 war axe (weapon)
Missiles
 f - a throwing net (quivered)
 A - 3 silver boomerangs
 D - a curare-tipped dart
Armour
 c - a +0 buckler (worn)
 t - a +0 pair of boots (worn)
 B - the +1 plate armour of Caawets (worn) {rC++ Int+3 Stlth+}
   (You found it on level 6 of the Dungeon)

   Int:       It affects your intelligence (+3).
   rC:        It greatly protects you from cold.
   Stlth:     It makes you more stealthy.
 I - a +0 pair of gloves (worn)
 M - a +0 helmet (worn)
Jewellery
 n - a ring of flight
 E - a +6 ring of dexterity (right hand)
 K - a +6 ring of strength (left hand)
Wands
 u - a wand of digging (6)
 N - a wand of polymorph (4)
Scrolls
 d - 10 scrolls of teleportation
 e - a scroll of amnesia {unknown}
 g - a scroll of immolation {unknown}
 i - 2 scrolls of torment {unknown}
 o - 2 scrolls of blinking {unknown}
 p - 3 scrolls of noise
 w - 2 scrolls of holy word {unknown}
 x - 2 scrolls of magic mapping {unknown}
 y - a scroll of silence {unknown}
 G - a scroll of fear {unknown}
 J - a scroll of enchant armour {unknown}
 Q - a scroll of summoning {unknown}
Potions
 b - a potion of haste {unknown}
 j - a potion of brilliance {unknown}
 k - 2 potions of berserk rage {unknown}
 m - 8 potions of curing
 q - a potion of ambrosia {unknown}
 r - a potion of resistance {unknown}
 s - 2 potions of magic
 v - 3 potions of degeneration {unknown}
 z - a potion of flight {unknown}
 C - 2 potions of attraction
 H - 4 potions of lignification
 P - a potion of mutation {unknown}
 R - a potion of invisibility {unknown}
Miscellaneous
 h - a phial of floods (inert)


   Skills:
 - Level 13.0 Fighting
 - Level 16.0 Axes
 + Level 9.4 Armour
 + Level 5.1 Shields
 * Level 10.0 Invocations
 + Level 1.4 Evocations


You had 11 spell levels left.
You didn't know any spells.
Your spell library contained the following spells:

 Spells                   Type           Power      Damage    Failure   Level
 Magic Dart               Conj           0%         1d3       98%         1
 Corpse Rot               Necr/Air       0%         N/A       99%         2
 Poisonous Vapours        Pois/Air       0%         N/A       99%         2
 Searing Ray              Conj           0%         2d4       99%         2
 Sublimation of Blood     Necr           0%         N/A       99%         2
 Call Canine Familiar     Summ           0%         N/A       100%        3
 Gell's Gravitas          Tloc           0%         N/A       100%        3
 Lesser Beckoning         Tloc           0%         N/A       100%        3
 Portal Projectile        Hex/Tloc       0%         N/A       100%        3
 Teleport Other           Tloc           0%         N/A       100%        3
 Fulminant Prism          Conj/Hex       0%         3d6       100%        4
 Hailstorm                Conj/Ice       0%         3d3       100%        4
 Ice Form                 Ice/Tmut       0%         N/A       100%        4
 Leda's Liquefaction      Hex/Erth       0%         N/A       100%        4
 Petrify                  Tmut/Erth      0%         N/A       100%        4
 Alistair's Intoxication  Tmut/Pois      0%         N/A       100%        5
 Borgnjor's Vile Clutch   Necr/Erth      0%         N/A       100%        5
 Irradiate                Conj/Tmut      0%         3d14      100%        5
 Eringya's Noxious Bog    Tmut/Pois      0%         N/A       100%        6
 Simulacrum               Ice/Necr       0%         N/A       100%        6


Dungeon Overview and Level Annotations

Branches:
Dungeon (11/15)            Temple (1/1) D:6            Lair (2/6) D:9
    Orc (0/2) D:10
  Swamp: Lair:2-4    Shoals: Lair:2-4     Snake: Lair:2-4    Spider: Lair:2-4

Altars:
Ashenzari
Cheibriados
Dithmenos
Elyvilon
Fedhas
Gozag
Hepliaklqana
Kikubaaqudgha
Makhleb
Nemelex Xobeh
Okawaru
Qazlal
Ru
Sif Muna
Trog
Uskayaw
Vehumet
Wu Jian
Xom
Yredelemnul
Zin
The Shining One

Shops:
D:6 :   D:11 :

Annotations:
Lair:1 exclusion: oklob plant


Message History

You block the eight-headed hydra's attack.
The eight-headed hydra bites you!
* * * LOW HITPOINT WARNING * * *
The eight-headed hydra bites you!
* * * LOW HITPOINT WARNING * * *
The eight-headed hydra bites you but does no damage. x4
You block the eight-headed hydra's attack.
The eight-headed hydra barely misses you.
The eight-headed hydra bites you but does no damage.
You block the eight-headed hydra's attack.
The eight-headed hydra bites you!
* * * LOW HITPOINT WARNING * * *
The eight-headed hydra bites you.
* * * LOW HITPOINT WARNING * * *
The eight-headed hydra bites you but does no damage. x2
You feel much better.
You block the eight-headed hydra's attack.
The eight-headed hydra bites you but does no damage.
The eight-headed hydra bites you!
* * * LOW HITPOINT WARNING * * *
The eight-headed hydra bites you.
* * * LOW HITPOINT WARNING * * *
The eight-headed hydra bites you but does no damage. x2
The eight-headed hydra barely misses you.
The eight-headed hydra bites you!
* * * LOW HITPOINT WARNING * * *
Okay, then.
Throw: 2 throwing nets
Press: ? - help, Q - select action, (/) - cycle Shift-Dir - straight line, f/p - eight-headed hydra
Aim: an eight-headed hydra (moderately wounded, 82% to hit, immune to nets)
You throw a throwing net.
The throwing net hits the eight-headed hydra.
The eight-headed hydra is too large for the net to hold!
The eight-headed hydra is moderately wounded.
The eight-headed hydra bites you but does no damage. x2
You block the eight-headed hydra's attack.
The eight-headed hydra bites you.
* * * LOW HITPOINT WARNING * * *
The eight-headed hydra bites you!
You die...

.#.♣≈.≈≈≈.≈)≈...≈..........#
...♣≈.≈≈≈.≈.≈...≈..........#
......≈≈.≈≈..≈..≈≈≈........##
..♣≈.≈..≈≈≈...≈≈.≈..........#
P.♣.≈≈≈≈≈≈.≈....≈≈≈♣.......###
..♣≈......≈.≈≈≈≈≈≈≈..........#
..♣.≈.≈≈...≈≈≈..≈≈≈♣.......###
..♣≈≈≈..≈..≈≈.≈≈D≈.♣........#
#....≈...≈.≈.≈≈≈@≈♣.........#
...♣.≈...≈.≈.≈≈≈.≈.........##
...♣..≈≈≈..≈≈...≈♣.........#
..#.....≈≈.≈..≈≈♣♣#........#
.......♣≈.≈.≈...##.........#
........♣.......###..PP....#
................##.........#
...###......P..###..P......##
.^## ##................P....#


You could see an eight-headed hydra.

Vanquished Creatures
  Harold (D:7)
  A hydra (Lair:2)
  Fannar (D:10)
  An ugly thing (D:7)
  A deep elf pyromancer (D:10)
  2 centaur zombies
  A black mamba (Lair:1)
  5 cane toads
  A torpor snail (Lair:1)
  2 rime drakes
  A kobold demonologist (D:8)
  3 trolls
  A hornet (D:8)
  Sigmund (D:2)
  3 wyverns
  A wraith (D:10)
  29 yaks
  2 basilisks
  A vampire mosquito (D:11)
  Duvessa (D:6)
  An acid dragon (D:11)
  9 water moccasins
  A hornet zombie (D:9)
  2 orc warriors
  An ice beast (D:8)
  A sky beast (D:5)
  2 necrophages
  3 ogres
  4 centaurs
  A phantom (D:8)
  A kobold brigand (D:7)
  5 bullfrogs
  A scorpion (D:5)
  A water moccasin zombie (D:7)
  Dowan (D:6)
  11 killer bees
  5 howler monkeys
  5 wights (D:8)
  2 electric eels (Lair:2)
  A bullfrog zombie (D:6)
  A gnoll shaman (D:5)
  5 orc priests
  2 hounds
  A centaur skeleton (D:7)
  Terence (D:3)
  4 iguanas
  8 orc wizards
  5 hound skeletons
  2 howler monkey zombies
  4 gnolls (D:5)
  6 adders
  A howler monkey skeleton (D:7)
  3 white imps
  2 ufetubi
  An adder skeleton (D:4)
  3 worms
  6 dart slugs
  17 orcs
  4 endoplasms
  4 giant cockroaches
  7 hobgoblins
  3 jackals (D:1)
  14 kobolds
  4 quokkas
  8 ball pythons
  10 bats
  2 frilled lizards
  7 goblins
  14 rats
266 creatures vanquished.

Vanquished Creatures (others)
  2 fungi
  14 plants
16 creatures vanquished.

Grand Total: 282 creatures vanquished

Notes
Turn   | Place    | Note
-------+----------+-------------------------------------------
     0 | D:1      | Ajdolov the Hill Orc Fighter began the quest for the Orb.
     0 | D:1      | Reached XP level 1. HP: 19/19 MP: 1/1
    84 | D:1      | Reached skill level 3 in Axes
   183 | D:1      | Reached XP level 2. HP: 21/27 MP: 2/2
   554 | D:1      | Found a faded altar of an unknown god.
   682 | D:1      | Reached skill level 4 in Axes
   814 | D:1      | Reached XP level 3. HP: 33/33 MP: 3/3
  1162 | D:2      | Noticed Sigmund
  1277 | D:2      | Killed Sigmund
  1278 | D:2      | Reached skill level 5 in Fighting
  1278 | D:2      | Reached skill level 6 in Axes
  1278 | D:2      | Reached XP level 4. HP: 6/42 MP: 4/4
  1278 | D:2      | Reached XP level 5. HP: 7/48 MP: 5/5
  2022 | D:2      | Reached XP level 6. HP: 56/56 MP: 6/6
  2435 | D:3      | Found a glowing golden altar of the Shining One.
  2459 | D:3      | Noticed Terence
  2485 | D:3      | Killed Terence
  2486 | D:3      | Reached skill level 7 in Axes
  2886 | D:3      | Found a broken altar of Ashenzari.
  3412 | D:4      | HP: 1/57 [ogre (12)]
  3854 | D:4      | Reached skill level 8 in Axes
  3854 | D:4      | Reached XP level 7. HP: 63/63 MP: 7/7
  4048 | D:4      | Reached skill level 9 in Axes
  4173 | D:4      | Found a hazy altar of Hepliaklqana.
  4693 | D:5      | Entered Level 5 of the Dungeon
  5258 | D:5      | Reached XP level 8. HP: 72/73 MP: 8/8
  5399 | D:5      | Found a hide-covered altar of Uskayaw.
  5417 | D:5      | Reached skill level 10 in Axes
  5474 | D:5      | Found a white marble altar of Elyvilon.
  5474 | D:5      | Found an ancient bone altar of Kikubaaqudgha.
  5474 | D:5      | Found an iron altar of Okawaru.
  5762 | D:5      | Reached skill level 11 in Axes
  6917 | D:6      | Found a staircase to the Ecumenical Temple.
  6925 | Temple   | Entered the Ecumenical Temple
  7258 | D:6      | Reached skill level 12 in Axes
  7613 | D:6      | Identified the +1 plate armour of Caawets {rC++ Int+3
                  | Stlth+}
  7639 | D:6      | Found a radiant altar of Vehumet.
  7668 | D:6      | Found Ulluivaaph's Book Emporium.
  7729 | D:6      | Noticed Dowan
  7732 | D:6      | Noticed Duvessa
  7747 | D:6      | Killed Duvessa
  7748 | D:6      | Reached XP level 9. HP: 63/82 MP: 9/9
  7755 | D:6      | Killed Dowan
  7903 | D:6      | Found a blossoming altar of Fedhas.
  8165 | D:7      | Noticed a cyan ugly thing
  8181 | D:7      | HP: 1/82 [cyan ugly thing (13)]
  8183 | D:7      | Killed a cyan ugly thing
  8184 | D:7      | Reached skill level 13 in Axes
  8471 | D:7      | Noticed Harold
  8944 | D:7      | Killed Harold
  8945 | D:7      | Reached skill level 10 in Fighting
  8945 | D:7      | Reached skill level 14 in Axes
  9609 | D:8      | Reached XP level 10. HP: 78/93 MP: 10/10
  9786 | D:8      | Reached skill level 15 in Axes
 10140 | D:8      | Found a snail-covered altar of Cheibriados.
 10141 | D:8      | Noticed a kobold demonologist
 10151 | D:8      | Killed a kobold demonologist
 10221 | D:8      | Found a shadowy altar of Dithmenos.
 11135 | D:8      | Paralysed by a hornet for 3 turns
 11144 | D:8      | Reached skill level 16 in Axes
 11660 | D:9      | Reached skill level 5 in Armour
 11699 | D:9      | Reached XP level 11. HP: 19/104 MP: 11/11
 12036 | D:9      | Found a staircase to the Lair.
 12151 | D:10     | Entered Level 10 of the Dungeon
 12194 | D:10     | Found a bloodstained altar of Trog.
 12231 | D:10     | Found a staircase to the Orcish Mines.
 12320 | D:10     | Identified the +1 robe of the Thoughtful Souls {rF+}
 12502 | D:10     | Found a burning altar of Makhleb.
 12508 | D:10     | Became a worshipper of Makhleb the Destroyer
 12512 | D:10     | Noticed Fannar
 12536 | D:10     | Killed Fannar
 12567 | D:10     | Noticed a deep elf pyromancer
 12586 | D:10     | Killed a deep elf pyromancer
 13276 | D:11     | Found Quchug's Book Boutique.
 13629 | D:11     | Noticed a wizard
 13826 | D:10     | Reached skill level 5 in Invocations
 14117 | Lair:1   | Entered Level 1 of the Lair of Beasts
 15005 | Lair:1   | Reached XP level 12. HP: 109/115 MP: 16/18
 15080 | Lair:1   | Reached * piety under Makhleb
 16097 | Lair:2   | Noticed an eight-headed hydra
 16111 | Lair:2   | Reached skill level 5 in Shields
 16111 | Lair:2   | Reached skill level 1 in Evocations
 16125 | Lair:2   | Noticed a six-headed hydra
 16135 | Lair:2   | Killed a seven-headed hydra
 16303 | Lair:2   | Reached skill level 10 in Invocations
 16719 | Lair:2   | Slain by an eight-headed hydra

Illustrated notes

Levels and vault maps discovered:
D:1:      minmay_arrival_three_doors, layout_basic,
          shapermc_ecumenical_altar_totnotflames, hex_intersection,
          chequers_serial_rivers_micro_a
D:2:      layout_basic, minmay_rat_gold_closets, uniq_sigmund
D:3:      layout_loops_corners, mainiacjoe_overflow_surrounded_room,
          amcnicky_altar_gilded, uniq_terence
D:4:      layout_cave_pods, worldfamousw_hep_ancestral_shrine,
          gup_sewer_entry_pipe
D:5:      mumra_celtic_spiral_tile, layout_loops_ring,
          mainiacjoe_overflow_cross_hatched,
          chequers_temple_overflow_statue_of_worship, minmay_increasing_density
D:6:      layout_loops_ring, mainiacjoe_overflow_catwalk,
          nicolae_vehumet_radiance, minmay_temple_entry_tees, serial_shops,
          nicolae_shop_window_shopping, uniq_duvessa
D:7:      layout_basic, uniq_harold
D:8:      layout_rooms, lemuel_doored_altar, grunt_dithmenos_shadows
D:9:      layout_gridville, minmay_lair_entry_grove
D:10:     nicolae_cairo_tiling, layout_basic, lemuel_round_altar,
          trog_hazing_becter, orc_0_dummy, uniq_fannar
D:11:     layout_basic, gammafunk_ghost_berserking_beasts, serial_shops,
          nicolae_stop_n_shop_2, nicolae_square_shop, worms_lemuel
Temple:   compressed_dpeg_triangle_lava_temple
Lair:1:   layout_roguey, minmay_lair_oklob_bushes, lemuel_fruit_tree,
          grunt_megastairs_1, infiniplex_staircase_pool
Lair:2:   layout_chaotic_city, small_statue_intersection, st_stairs_4,
          nicolae_quartered_pool_super, minivault_27, small_statue_intersection,
          amcnicky_mini_pool_medium

Skill      XL: |  1  2  3  4  5  6  7  8  9 10 11 12 |
---------------+-------------------------------------+-----
Axes           | 3 4 6 8 9 12 14 16 | 16.0
Fighting       | 4 5 6 7 8 10 11 13 | 13.0
Armour         | 6 8 9 |  9.4
Invocations    | 8 10 | 10.0
Shields        | 5 |  5.1
Evocations     | 1 |  1.4

Action                   |  1- 3 |  4- 6 |  7- 9 | 10-12 || total
-------------------------+-------+-------+-------+-------++-------
Melee: War axe           |    73 |   118 |   336 |   536 ||  1063
Throw: Dart              |       |       |     1 |       ||     1
       Throwing net      |       |       |       |     1 ||     1
Evoke: Wand              |       |     2 |       |    15 ||    17
       Phial of floods   |       |       |       |     1 ||     1
  Use: Potion            |     1 |       |     2 |     1 ||     4
       Scroll            |       |       |     2 |     5 ||     7
Armor: Scale mail        |    35 |    13 |       |       ||    48
       Chain mail        |       |    22 |   121 |       ||   143
       Plate armour      |       |       |    39 |   305 ||   344
Dodge: Dodged            |    45 |    46 |    75 |   140 ||   306
Block: Buckler           |    12 |    23 |    56 |   100 ||   191

Table legend: (Time is in decaauts)
 A = Elapsed time spent in this place.
 B = Non-inter-level travel time spent in this place.
 C = Inter-level travel time spent in this place.
 D = Time resting spent in this place.
 E = Time spent auto-exploring this place.
 F = Levels seen in this place.
 G = Mean time per level.
                   A        B        C        D        E       F      G
               +--------+--------+--------+--------+--------+-----+--------+
         Total |  16665 |  16105 |    560 |   5209 |   8563 |  14 | 1190.4 |
       Dungeon |  14018 |  13484 |    534 |   4483 |   7053 |  11 | 1274.4 |
        Temple |    287 |    281 |      6 |      0 |    269 |   1 |  287.0 |
          Lair |   2359 |   2339 |     20 |    726 |   1241 |   2 | 1179.5 |
               +--------+--------+--------+--------+--------+-----+--------+

Top non-repeatable levels by time:
     D:5: 1923 daAuts
     D:8: 1670 daAuts
     D:1: 1513 daAuts
  Lair:1: 1509 daAuts
     D:6: 1450 daAuts
    D:10: 1425 daAuts
     D:4: 1334 daAuts
     D:7: 1185 daAuts
     D:9: 1157 daAuts
     D:3: 1022 daAuts
     D:2: 888 daAuts
  Lair:2: 850 daAuts
    D:11: 446 daAuts
  Temple: 287 daAuts
